 Dungeon Crawl Stone Soup version 0.25-a0-975-gcae8493d64 (webtiles) character file.

Game seed: 14994703266732295777, levelgen mode: deterministic

7352 HoaS the Cruncher (level 11, -7/68 HPs)
             Began as a Gargoyle Gladiator on May 9, 2020.
             Was an Elder of Okawaru.
             Splashed by an acid dragon's acid (11 damage)
             ... on level 12 of the Dungeon.
             The game lasted 00:25:13 (11476 turns).

HoaS the Cruncher (Gargoyle Gladiator)             Turns: 11476, Time: 00:25:14

Health: -7/68      AC: 22    Str: 19    XL:     11   Next: 13%
Magic:  14/15      EV: 11    Int: 10    God:    Okawaru [****..]
Gold:   518        SH:  0    Dex: 12    Spells: 10/10 levels left

rFire    . . .     SeeInvis .   a - +1 quarterstaff
rCold    . . .     Gourm    .   (shield currently unavailable)
rNeg     + . .     Faith    .   u - +3 plate armour
rPois    ∞         Spirit   .   y - +2 helmet
rElec    +         Reflect  .   v - +1 cloak
rCorr    .         Harm     .   F - +1 pair of gloves
MR       .....                  A - +1 pair of boots
Stlth    ..........             (no amulet)
HPRegen  0.21/turn              (no ring)
MPRegen  0.14/turn              (no ring)

@: heroism, corroded
A: negative energy resistance 1, electricity resistance, unbreathing,
petrification resistance, rot immunity, AC +8
a: Heroism, Renounce Religion


You were on level 12 of the Dungeon.
You worshipped Okawaru.
Okawaru was greatly pleased with you.
You were not hungry.

You visited 2 branches of the dungeon, and saw 11 of its levels.

You collected 776 gold pieces.
You spent 258 gold pieces at shops.

Inventory:

Hand Weapons
 a - a +1 quarterstaff (weapon)
Missiles
 d - 3 throwing nets (quivered)
 w - 42 poisoned darts
Armour
 u - a +3 plate armour (worn)
 v - a +1 cloak (worn)
 y - a +2 helmet (worn)
 A - a +1 pair of boots (worn)
 F - a +1 pair of gloves (worn)
Wands
 B - a wand of disintegration (9)
 C - a wand of polymorph (5)
 E - a wand of acid (6)
Scrolls
 g - 3 scrolls of teleportation
 h - a scroll of fear
 i - 2 scrolls of amnesia
 n - 4 scrolls of remove curse
 o - 2 scrolls of blinking
 q - a scroll of identify
 r - 2 scrolls of magic mapping
 s - 3 scrolls of immolation
Potions
 b - a potion of curing
 e - a potion of mutation
 j - 2 potions of lignification
 k - 3 potions of heal wounds
 l - a potion of resistance
 p - 2 potions of stabbing
 t - a potion of brilliance {unknown}
 x - 3 potions of flight
 z - a potion of magic {unknown}
 D - a potion of haste {unknown}
Comestibles
 f - 24 rations


   Skills:
 + Level 8.1(13.1) Fighting
 * Level 10.6(15.6) Staves
 - Level 1.7(6.7) Throwing
 + Level 7.6(12.6) Armour
 + Level 6.5(11.5) Dodging
 + Level 5.6 Invocations


You had 10 spell levels left.
You didn't know any spells.
Your spell library contained the following spells:

 Spells                   Type           Power        Failure   Level  Hunger
 Summon Small Mammal      Summ           #...         99%         1    ##.....
 Call Imp                 Summ           #.......     100%        2    ###....
 Call Canine Familiar     Summ           #.......     100%        3    ####...
 Summon Guardian Golem    Hex/Summ       #.......     100%        3    ####...
 Summon Ice Beast         Ice/Summ       #.......     100%        4    #####..
 Summon Lightning Spire   Summ/Air       #.......     100%        4    #####..


Dungeon Overview and Level Annotations

Branches:
Dungeon (9/15)             Temple (1/1) D:5            Lair (0/6) D:8
    Orc: D:9-12

Altars:
Ashenzari
Cheibriados
Dithmenos
Elyvilon
Fedhas
Gozag
Hepliaklqana
Kikubaaqudgha
Makhleb
Nemelex Xobeh
Okawaru
Qazlal
Ru
Sif Muna
Trog
Uskayaw
Vehumet
Wu Jian
Xom
Yredelemnul
Zin
The Shining One

Shops:
D:4 [[?*

Annotations:
D:4 2 transporters


Innate Abilities, Weirdness & Mutations

You are resistant to torment.
Your stone body is resilient. (AC +8)
You are immune to poison.
You resist negative energy. (rN+)
You are resistant to electric shocks. (rElec)
You can survive without breathing.
You are immune to petrification.
You are immune to rotting.


Message History

The acid dragon claws you but does no damage.
You hit the acid dragon but do no damage.
The acid dragon is almost dead.
You hit the acid dragon but do no damage.
The acid dragon is almost dead.
The acid dragon bites you but does no damage.
The acid dragon claws you but does no damage.
You hit the acid dragon but do no damage.
The acid dragon is almost dead.
The acid dragon closely misses you.
The acid dragon claws you but does no damage.
You hit the acid dragon but do no damage.
The acid dragon is almost dead.
You hit the acid dragon.
The acid dragon is almost dead.
The acid dragon spits acid at you. The splash of acid hits you!
* * * LOW HITPOINT WARNING * * *
The acid corrodes you!
You are splashed with acid!
You die...

##÷###.#.#####
#≈≈≈≈≈≈......# #
≈≈≈≈≈≈≈≈≈≈≈≈≈≈##(# #≈
##≈≈≈≈≈≈≈≈≈≈≈≈≈#.#####≈≈
###≈#.≈≈≈≈≈≈≈≈≈≈≈≈≈≈≈#
###.####≈≈≈≈≈≈≈≈≈≈≈≈≈
#......≈.≈≈≈≈≈≈≈≈##
#..#######≈≈≈≈≈≈≈# #.@#
##.≈≈#### #.D# #.###
#..# #.# #... #.# ##.#
..# ###


You could see an acid dragon (catching breath).

Vanquished Creatures
  A centaur warrior (D:12)
  A two-headed ogre (D:8)
  2 cyclopes (D:12)
  A centaur skeleton (D:12)
  A komodo dragon (D:8)
  Prince Ribbit (D:5)
  A troll (D:12)
  A hippogriff (D:9)
  2 water elementals (D:12)
  A wraith (D:12)
  2 steam dragons (D:5)
  Edmund (D:4)
  A water moccasin (D:5)
  An orc warrior (D:7)
  2 black bears
  2 ice beasts
  2 phantoms
  A necrophage (D:8)
  7 ogres
  2 centaurs
  A big kobold (D:7)
  7 bullfrogs
  A wyvern zombie (D:8)
  2 scorpions
  5 crimson imps
  A jelly (D:6)
  3 orc priests
  12 orc wizards
  5 iguanas
  8 worker ants
  A hound zombie (D:5)
  9 adders
  3 gnolls
  2 shadow imps
  2 oozes
  An adder skeleton (D:9)
  An adder zombie (D:5)
  A worm (D:2)
  3 dart slugs
  2 leopard geckos
  27 orcs
  4 ball pythons
  7 bats
  3 giant cockroaches
  9 hobgoblins
  14 jackals
  5 quokkas
  3 frilled lizards
  18 goblins
  14 kobolds
  A quokka skeleton (D:5)
  5 rats (D:1)
213 creatures vanquished.

Vanquished Creatures (others)
  A plant (D:8)
1 creature vanquished.

Grand Total: 214 creatures vanquished

Notes
Turn   | Place    | Note
-------+----------+-------------------------------------------
     0 | D:1      | HoaS the Gargoyle Gladiator began the quest for the Orb.
     0 | D:1      | Reached XP level 1. HP: 12/12 MP: 1/1
   241 | D:1      | Reached XP level 2. HP: 17/18 MP: 2/2
   489 | D:1      | Reached skill level 1 in Armour
   496 | D:1      | Reached XP level 3. HP: 19/22 MP: 3/3
  1493 | D:2      | Reached XP level 4. HP: 19/27 MP: 4/4
  1801 | D:2      | Reached skill level 4 in Staves
  2518 | D:3      | Reached XP level 5. HP: 31/32 MP: 5/5
  2728 | D:3      | Found a faded altar of an unknown god.
  3276 | D:4      | Found a transporter.
  3593 | D:4      | Reached XP level 6. HP: 37/37 MP: 6/6
  3634 | D:4      | Found Haxaf's Assorted Antiques.
  3714 | D:4      | Reached skill level 5 in Staves
  3808 | D:4      | Bought a runed helmet for 150 gold pieces
  3937 | D:4      | Found Toypn's Antique Armour Emporium.
  3941 | D:4      | Noticed Edmund
  3982 | D:4      | Killed Edmund
  3982 | D:4      | Reached XP level 7. HP: 30/42 MP: 7/7
  4110 | D:4      | Found Valeim's Antique Armour Emporium.
  4119 | D:4      | Bought a pair of boots for 108 gold pieces
  4263 | D:4      | Found a transporter.
  4342 | D:4      | Found Esol's Magic Scroll Shoppe.
  4488 | D:5      | Entered Level 5 of the Dungeon
  4488 | D:5      | Noticed Prince Ribbit
  4953 | D:4      | Reached skill level 6 in Staves
  5172 | D:5      | Noticed a steam dragon
  5178 | D:5      | Noticed a steam dragon
  5218 | D:5      | Killed a steam dragon
  5218 | D:5      | Reached XP level 8. HP: 20/48 MP: 8/8
  5222 | D:5      | HP: 1/48 [steam dragon (4)]
  5515 | D:5      | Reached skill level 5 in Fighting
  5601 | D:5      | Killed Prince Ribbit
  5601 | D:5      | Reached skill level 7 in Staves
  5885 | D:5      | Found an ornate altar of the Wu Jian Council.
  5926 | D:5      | Reached skill level 5 in Armour
  6112 | D:5      | Found a staircase to the Ecumenical Temple.
  6121 | Temple   | Entered the Ecumenical Temple
  6374 | Temple   | Became a worshipper of Warmaster Okawaru
  6912 | D:6      | Reached XP level 9. HP: 51/55 MP: 9/9
  6958 | D:6      | Reached skill level 1 in Invocations
  7580 | D:7      | Reached skill level 8 in Staves
  7669 | D:7      | Reached skill level 5 in Dodging
  7740 | D:7      | Reached * piety under Okawaru
  8984 | D:8      | Found a staircase to the Lair.
  8985 | D:8      | Noticed a komodo dragon
  9014 | D:8      | Killed a komodo dragon
  9014 | D:8      | Reached skill level 9 in Staves
  9014 | D:8      | Reached XP level 10. HP: 37/61 MP: 10/12
  9186 | D:8      | Noticed a two-headed ogre
  9209 | D:8      | Killed a two-headed ogre
  9209 | D:8      | Reached ** piety under Okawaru
  9623 | D:8      | Reached *** piety under Okawaru
 10597 | D:9      | You fall into a shaft and drop 3 floors!
 10599 | D:12     | Noticed a cyclops
 10618 | D:12     | Killed a cyclops
 10771 | D:12     | Noticed a cyclops
 10784 | D:12     | Killed a cyclops
 10784 | D:12     | Reached skill level 10 in Staves
 10820 | D:12     | Reached skill level 5 in Invocations
 11104 | D:12     | Noticed a centaur warrior
 11123 | D:12     | Reached **** piety under Okawaru
 11137 | D:12     | Killed a centaur warrior
 11137 | D:12     | Reached XP level 11. HP: 40/68 MP: 13/15
 11431 | D:12     | Received a gift from Okawaru
 11476 | D:12     | Splashed by an acid dragon's acid

Illustrated notes

Levels and vault maps discovered:
D:1:      minmay_arrival_nine_rooms, layout_basic, nrook_campfire
D:2:      layout_basic, minivault_11, lemuel_statue_altar
D:3:      wad_lake_hut, layout_rooms, chequers_ecumenical_altar_simple,
          minmay_misc_feat_more_columns
D:4:      gammafunk_steamed_eel, layout_gridville, serial_shops,
          kennysheep_little_box, nicolae_shop_statue_plus,
          nicolae_shop_waterfront, shop, first_ration,
          minmay_goblin_kobold_house, uniq_edmund
D:5:      kennysheep_steamy, layout_basic, lemuel_doored_altar,
          minmay_temple_entry_poolview, uniq_prince_ribbit1
D:6:      layout_basic
D:7:      layout_loops_ring
D:8:      layout_basic, david_lair_shrubbed, grunt_ogre_cave,
          kennysheep_decorative_pillar, grunt_ministairs_10, minmay_hedge_maze
D:9:      layout_roguey
D:12:     layout_basic, gammafunk_ghost_split, minivault_16
Temple:   nicolae_temple_the_god_donut

Skill      XL: |  1  2  3  4  5  6  7  8  9 10 11 |
---------------+----------------------------------+-----
Armour         | 1 2 3 4 5 6 7 |  7.6
Staves         | 4 5 6 7 9 10 | 10.6
Fighting       | 3 4 5 6 7 8 |  8.1
Dodging        | 3 4 5 6 |  6.5
Invocations    | 3 5 |  5.6
Throwing       | |  1.7

Action                   |  1- 3 |  4- 6 |  7- 9 | 10-12 || total
-------------------------+-------+-------+-------+-------++-------
Melee: Quarterstaff      |   112 |   270 |   534 |   295 ||  1211
Throw: Throwing net      |       |       |       |     1 ||     1
Invok: Heroism           |       |       |     1 |     4 ||     5
  Use: Scroll            |       |       |    17 |     7 ||    24
 Stab: Held in net/web   |       |       |       |     2 ||     2
  Eat: Chunk             |     2 |     8 |    14 |     8 ||    32
       Ration            |       |       |     1 |       ||     1
Armor: Leather armour    |     7 |       |       |       ||     7
       Scale mail        |    25 |    44 |       |       ||    69
       Plate armour      |       |   187 |   379 |   136 ||   702
Dodge: Dodged            |    53 |   137 |   171 |    92 ||   453

Table legend:
 A = Non-vault XP
 B = Vault XP
 C = Vault XP percentage of total XP
 D = Non-vault monster count
 E = Vault monster count
 F = Vault count percentage of total count
                 A         B        C        D         E       F
            +---------+---------+-------+---------+---------+-------
      Total |    9127 |    1377 |  13.1 |     204 |       9 |   4.2
            +---------+---------+-------+---------+---------+-------
        D:1 |      56 |       0 |   0.0 |      30 |       0 |   0.0
        D:2 |      99 |       0 |   0.0 |      25 |       0 |   0.0
        D:3 |     158 |       0 |   0.0 |      20 |       0 |   0.0
        D:4 |     556 |     168 |  23.2 |      29 |       2 |   6.5
        D:5 |     530 |     673 |  55.9 |      16 |       3 |  15.8
        D:6 |     437 |       0 |   0.0 |      12 |       0 |   0.0
        D:7 |     956 |       0 |   0.0 |      23 |       0 |   0.0
        D:8 |    2399 |     536 |  18.3 |      25 |       4 |  13.8
        D:9 |     304 |       0 |   0.0 |      10 |       0 |   0.0
       D:12 |    3632 |       0 |   0.0 |      14 |       0 |   0.0
            +---------+---------+-------+---------+---------+-------
